AoeStats
← Patreckdelira

Black Forest

505377784Analyzed
1v1 RM · 24d ago on Sep 9, 2026· 44m 12s· 2 players
Game mode
Random Map
Map size
Tiny (2 player)
Population
200
Speed
Normal
Resources
Standard
Victory
Conquest
Starting age
Dark Age
Ending age
Imperial Age
RankedLock teamsTeams togetherTeam positionsShared explorationLock speedFull tech treeHidden civsTurbo modeCheats
Victory
Defeat
🇨🇱 Italians · Chile
1188
+17
🇲🇽 Malians · Mexico
1204
-17
Denver20
0:36 Loom
10:38 Feudal Age
11:10 Double-Bit Axe
18:31 Castle Age
18:40 Crossbowman
19:33 Bow Saw
22:25 Horse Collar
24:50 Heavy Plow
25:18 Elite Skirmisher
27:25 Wheelbarrow
26:58 Fletching
28:05 Thumb Ring
32:00 Imperial Age
29:06 Pikeman
32:13 Hand Cart
31:43 Town Watch
31:58 Bodkin Arrow
32:04 Padded Archer Armor
32:05 Scale Mail Armor
32:16 Forging
32:52 Ballistics
34:07 Chemistry
32:49 Treadmill Crane
34:40 Two-Man Saw
34:39 Conscription
35:23 Gold Mining
36:15 Pirotechnia
37:25 Town Patrol
38:17 Bracer
38:32 Leather Archer Armor
38:52 Iron Casting
38:33 Chain Mail Armor
38:27 Arbalester
43:47 Squires
43:32 Arson
43:59 Elite Genoese Crossbowman
Patreckdelira
0:45 Loom
12:40 Feudal Age
16:44 Castle Age
15:53 Double-Bit Axe
16:43 Horse Collar
17:57 Bow Saw
17:49 Heavy Plow
28:56 Imperial Age
27:01 Scale Mail Armor
26:41 Man-at-Arms
27:25 Squires
27:48 Forging
27:41 Long Swordsman
28:21 Fletching
29:10 Bodkin Arrow
29:11 Two-Handed Swordsman
30:48 Wheelbarrow
31:20 Town Watch
32:19 Chain Mail Armor
32:22 Arson
33:16 Iron Casting
33:43 Plate Mail Armor
33:19 Scale Barding Armor
34:16 Champion
36:12 Bloodlines
36:02 Husbandry
36:06 Onager
37:11 Padded Archer Armor
38:37 Chemistry
38:33 Chain Barding Armor
38:30 Heavy Camel Rider
38:48 Cavalier
39:59 Light Cavalry
41:03 Chain Barding Armor
43:34 Tigui
Connection lost

Rejoining the realm…

Still unreachable

The connection could not be restored.

Session expired

The server has moved on; the page needs a fresh start.